 Dungeon Crawl Stone Soup version 0.27.1-4-g1640c2035a (webtiles) character file.

Game seed: 6173263329715293915

63 Eitelfritz the Gusty (level 4, 0/24 HPs)
             Began as a Tengu Air Elementalist on Nov 1, 2021.
             Succumbed to an adder's poison
             ... on level 2 of the Dungeon.
             The game lasted 00:03:38 (1192 turns).

Eitelfritz the Gusty (Tengu Air Elementalist)       Turns: 1192, Time: 00:03:38

Health: 0/24       AC:  2    Str:  8    XL:     4   Next: 10%
Magic:  1/8        EV: 12    Int: 16    God:
Gold:   20         SH:  0    Dex: 15    Spells: 7/8 levels left

rFire    . . .     SeeInvis .   (no weapon)
rCold    . . .     Faith    .   (no shield)
rNeg     . . .     Spirit   .   a - +0 robe
rPois    .         Reflect  .   (helmet restricted)
rElec    .         Harm     .   (no cloak)
rCorr    .         Rampage  .   (no gloves)
Will     .....                  (boots unavailable)
Stlth    ++........             (no amulet)
HPRegen  0.08/turn              (no ring)
MPRegen  0.11/turn              (no ring)

@: lethally poisoned (0 -> -1)
A: beak, talons 3
a: no special abilities


You were on level 2 of the Dungeon.
You visited 1 branch of the dungeon, and saw 2 of its levels.

You collected 20 gold pieces.

Inventory:

Armour
 a - a +0 robe (worn)
 f - a +0 leather armour
Scrolls
 b - a scroll of fear {unknown}
 c - a scroll of enchant armour {unknown}
 d - a scroll of identify {unknown}
 e - a scroll of vulnerability {unknown}


   Skills:
 + Level 2.3 Dodging
 + Level 2.1 Stealth
 + Level 2.6 Spellcasting
 + Level 2.4 Conjurations
 + Level 5.2 Air Magic


You had 7 spell levels left.
You knew the following spells:

 Your Spells              Type           Power      Damage    Failure   Level
a - Shock                 Conj/Air       56%        1d6       4%          1

Your spell library contained the following spells:

 Spells                   Type           Power      Damage    Failure   Level
 Static Discharge         Conj/Air       14%        N/A       6%          2
 Swiftness                Air            19%        N/A       7%          3
 Airstrike                Air            9%         N/A       22%         4


Dungeon Overview and Level Annotations

Branches:
Dungeon (2/15)

Altars:


Innate Abilities, Weirdness & Mutations

You have a beak for a mouth.
You have claws for feet.


Message History

The zap misses the adder.
The adder closely misses you.
Unknown command.
The adder closely misses you. The adder barely misses you.
Found a leather armour.
You see here 2 scrolls labelled BONEOSM XOTT.
Unknown command.
The adder bites you.
You are poisoned.
The adder poisons you!
You feel sick.
You feel sick.
You feel sick. The adder bites you.
You are lethally poisoned!
The adder poisons you!
* * * LOW HITPOINT WARNING * * *
You feel sick.
Casting: Shock (safe; 4% risk of failure)
Confirm with . or Enter, or press ? or * to list all spells.
Aiming: Shock (safe; 4% risk of failure)
Press: ? - help, Shift-Dir - straight line, f/p - adder
Aim: an adder (heavily wounded, 53% to hit)
The zap hits the adder.
The adder is almost dead.
The zap hits the adder.
You kill the adder!
* * * LOW HITPOINT WARNING * * *
You feel sick.
You have reached level 4!
You feel agile.
* * * LOW HITPOINT WARNING * * *
You feel sick.
* * * LOW HITPOINT WARNING * * *
You feel sick.
You aren't carrying any potions.
* * * LOW HITPOINT WARNING * * *
You feel sick.
* * * LOW HITPOINT WARNING * * *
You feel sick.
You die...

##. # #.. # #.#.# .#
#.#.##.[ ######### .....
#.......# .##.#####.####
#.#####.# ........?....#
#.#####.##### ...###.####.#
#.##......... #.##.#@##
#.##.##.###.# .. #.#.....#
#.##.##.# #.# #...#
#.##.#..###......<###.#
#...#
#..............#.......
#...#
#.......########.####..
#...# #.#.#.#.# #####.# ##.
###...#####..###..####.....#
##..
..............#.#.#..).....#
#...
...........#........#......#
#...


There were no monsters in sight!

Vanquished Creatures
  Terence (D:2)
  An adder (D:2)
  An endoplasm (D:1)
  A giant cockroach (D:1)
  3 goblins
  5 hobgoblins
  A quokka (D:2)
  4 ball pythons
  4 bats (D:1)
  3 frilled lizards (D:1)
  4 kobolds (D:1)
  2 rats (D:1)
30 creatures vanquished.

Notes
Turn   | Place    | Note
-------+----------+-------------------------------------------
     0 | D:1      | Eitelfritz the Tengu Air Elementalist began the quest for
                  | the Orb.
     0 | D:1      | Reached XP level 1. HP: 10/10 MP: 4/4
   218 | D:1      | Reached XP level 2. HP: 12/15 MP: 0/6
   320 | D:1      | Found a faded altar of an unknown god.
   852 | D:1      | Reached skill level 5 in Air Magic
   852 | D:1      | Reached XP level 3. HP: 19/19 MP: 5/7
   986 | D:2      | Noticed Terence
  1000 | D:2      | Killed Terence
  1188 | D:2      | Reached XP level 4. HP: 4/24 MP: 0/8
  1191 | D:2      | HP: 1/24 [poisoned by an adder]
  1192 | D:2      | Succumbed to an adder's poison

Illustrated notes

Levels and vault maps discovered:
D:1:      dpeg_arrival_arbitrary_a, layout_basic,
          shapermc_ecumenical_altar_mp_highgroup
D:2:      layout_loops_cross, uniq_natasha, uniq_terence

Skill      XL: |  1  2  3 |
---------------+----------+-----
Air Magic      | 5 |  5.2
Conjurations   | 2 |  2.4
Dodging        | |  2.3
Stealth        | |  2.1
Spellcasting   | |  2.6

Action                   |  1- 3 |  4- 6 || total
-------------------------+-------+-------++-------
Melee: Unarmed           |     3 |       ||     3
       Peck              |     2 |       ||     2
 Cast: Shock             |    60 |       ||    60
Armor: Robe              |     2 |       ||     2
Dodge: Dodged            |    17 |       ||    17
